 Dungeon Crawl Stone Soup version bcrawl-1.13.5 (webtiles) character file.

Game seed: 18326609522936483155

112 busta the Slasher (level 5, -4/37 HPs)
             Began as a Formicid Archaeologist on Aug 31, 2019.
             Slain by an orc
             ... wielding a +0 flail
              (7 damage)
             ... on level 2 of the Dungeon.
             The game lasted 00:04:27 (1396 turns).

busta the Slasher (Formicid Archaeologist)          Turns: 1396, Time: 00:04:27

Health: -4/37      AC:  5    Str: 16    XL:     5   Next: 16%
Magic:  5/5        EV: 13    Int: 13    God:
Gold:   47         SH:  1    Dex: 10    Spells: 4/4 levels left

rFire    . . .     SeeInvis +   f - +0 falchion
rCold    . . .     Gourm    .   (no shield)
rNeg     . . .     Faith    .   b - +1 robe
rPois    .         Spirit   .   (helmet unavailable)
rElec    .         Reflect  .   (no cloak)
rCorr    .         Harm     .   (no gloves)
MR       .....                  c - +1 pair of boots
Stlth    ++........             (no amulet)
HPRegen  0.12/turn              (no ring)
MPRegen  0.09/turn              (no ring)

@: studying Long Blades
A: permanent stasis, dig shafts and tunnels, four strong arms, antennae 3
a: Dig, Shaft Self


You were on level 2 of the Dungeon.
You were not hungry.

You visited 1 branch of the dungeon, and saw 2 of its levels.

You collected 47 gold pieces.

Inventory:

Hand Weapons
 f - a +0 falchion (weapon)
 l - a +2 vampiric falchion
Armour
 b - a +1 robe (worn)
 c - a +1 pair of boots (worn)
Scrolls
 g - a scroll of remove curse {unknown}
 h - a scroll of fear {unknown}
 i - a scroll of fog {unknown}
 j - a scroll of magic mapping {unknown}
 k - 2 scrolls of enchant armour {unknown}
 m - 2 scrolls of identify {unknown}
Books
 d - a manual of Long Blades
Miscellaneous
 e - an ancient crate
Comestibles
 a - 3 chunks of flesh


   Skills:
 - Level 1.1 Fighting
 + Level 5.1 Long Blades
   Level 1.0 Maces & Flails
 - Level 3.6 Dodging
 - Level 4.0 Stealth


You had 4 spell levels left.
You didn't know any spells.
Your spell library was empty.

Dungeon Overview and Level Annotations

Branches:
Dungeon (2/12)

Altars:


Innate Abilities, Weirdness & Mutations

You cannot be hasted, slowed, berserked, paralysed or teleported.
You can dig through walls and to a lower floor.
Your four strong arms can wield two-handed weapons with a shield.
You have a pair of large antennae on your head. (SInv)


Message History

You annihilate the orc wizard!!!
Your Long Blades skill increases to level 5!!!
You have reached level 5!!!
You aren't carrying any potions!
You carve the orc like a ham!
You annihilate the orc!!!
You closely miss the orc! You chop the orc into pieces!
The orc is heavily wounded!
The orc barely misses you!
You barely miss the orc!
The orc is heavily wounded!
The orc closely misses you!
You barely miss the orc!
The orc is heavily wounded!
The orc barely misses you!
You closely miss the orc!
The orc is heavily wounded!
The orc hits you with a +0 flail!!! rip

.......#..
#...#..........# .......#.
#.########.##### !.......
##.# #.# .......#### #..#
.# ....†..##.# ##.## .#
........)## #.)#
.......#.### #.## .
#...####...###.### ..
....## ###.....#@# ...
.....##########o## ....
.#.#.......#####{####.....
....................o.....
.#.#...........###.##.....
...............##†## ...%
.####...........o####.....
. #............?.....o..
#..........###.####.#


You could see an orc.

Vanquished Creatures
  2 orc wizards (D:2)
  3 worms
  2 dart slugs (D:1)
  2 orcs (D:2)
  8 bats (D:1)
  9 goblins
  6 hobgoblins
  A jackal (D:2)
  A quokka (D:2)
  A kobold (D:2)
  6 rats
41 creatures vanquished.

Notes
Turn   | Place    | Note
-------+----------+-------------------------------------------
     0 | D:1      | busta the Formicid Archaeologist began the quest for the
                  | Orb.
     0 | D:1      | Reached XP level 1. HP: 15/15 MP: 1/1
   247 | D:1      | Reached XP level 2. HP: 18/21 MP: 2/2
   645 | D:1      | Reached XP level 3. HP: 26/26 MP: 3/3
   714 | D:1      | Reached skill level 1 in Long Blades
   781 | D:1      | Reached skill level 2 in Long Blades
  1232 | D:2      | Reached XP level 4. HP: 32/32 MP: 4/4
  1242 | D:2      | Reached skill level 3 in Long Blades
  1389 | D:2      | Reached skill level 4 in Long Blades
  1390 | D:2      | Reached skill level 5 in Long Blades
  1390 | D:2      | Reached XP level 5. HP: 2/37 MP: 5/5
  1396 | D:2      | Slain by an orc

Skill      XL: |  1  2  3  4 |
---------------+-------------+-----
Dodging        | 3 |  3.6
Long Blades    | 2 5 |  5.1
Fighting       | |  1.1
Maces & Flails | |  1.0
Stealth        | |  4.0

Action                   |  1- 3 |  4- 6 || total
-------------------------+-------+-------++-------
Melee: Whip              |   150 |       ||   150
       Falchion          |     8 |    36 ||    44
 Abil: Dig               |     6 |     4 ||    10
 Stab: Sleeping          |     7 |       ||     7
  Eat: Ration            |     1 |       ||     1
       Chunk             |     1 |       ||     1
Armor: Robe              |    68 |     3 ||    71
Dodge: Dodged            |   106 |    16 ||   122
